 Dungeon Crawl Stone Soup version 0.27-a0-1105-g946c659c87 (webtiles) character file.

Game seed: 5657423436731343083

176 siradein the Slasher (level 5, 0/38 HPs)
             Began as a Demonspawn Gladiator on Apr 30, 2021.
             Slain by a gnoll
             ... wielding a +0 spear
              (4 damage)
             ... on level 3 of the Dungeon.
             The game lasted 00:02:35 (2767 turns).

siradein the Slasher (Demonspawn Gladiator)         Turns: 2767, Time: 00:02:36

Health: 0/38       AC:  4    Str: 14    XL:     5   Next: 30%
Magic:  5/5        EV: 13    Int:  9    God:
Gold:   55         SH:  0    Dex: 22    Spells: 4/4 levels left

rFire    . . .     SeeInvis .   a - +0 long sword
rCold    . . .     Faith    .   (no shield)
rNeg     . . .     Spirit   .   b - +0 leather armour
rPois    .         Reflect  .   (helmet restricted)
rElec    .         Harm     .   c - +0 cloak
rCorr    .         Rampage  .   (no gloves)
Will     .....                  (no boots)
Stlth    ++........             (no amulet)
HPRegen  0.12/turn              f - +6 ring of dexterity
MPRegen  0.09/turn              (no ring)

@: no status effects
A: horns 1, powered by pain 1
a: no special abilities


You were on level 3 of the Dungeon.
You visited 1 branch of the dungeon, and saw 3 of its levels.

You collected 55 gold pieces.

Inventory:

Hand Weapons
 a - a +0 long sword (weapon)
Missiles
 d - 3 throwing nets (quivered)
Armour
 b - a +0 leather armour (worn)
 c - a +0 cloak (worn)
Jewellery
 f - a +6 ring of dexterity (left hand)
Scrolls
 e - 3 scrolls of identify {unknown}
 g - a scroll of enchant weapon {unknown}
 i - a scroll of fog {unknown}
 j - a scroll of teleportation {unknown}
Potions
 h - a potion of curing {unknown}


   Skills:
 - Level 2.0 Fighting
 + Level 5.5 Long Blades
 - Level 1.7 Throwing
 - Level 2.6 Dodging


You had 4 spell levels left.
You didn't know any spells.
Your spell library was empty.

Dungeon Overview and Level Annotations

Branches:
Dungeon (3/15)

Altars:


Innate Abilities, Weirdness & Mutations

You have a pair of small horns on your head.
You sometimes gain a little power by taking damage.


Message History

The gnoll is moderately wounded.
The gnoll hits you with a +0 flail! The gnoll closely misses you.
You hit the gnoll.
You headbutt the gnoll, but do no damage.
The gnoll is heavily wounded.
The gnoll hits you with a +0 flail.
The gnoll hits you from afar with a +0 spear.
* * * LOW HITPOINT WARNING * * *
You are too injured to fight recklessly!
There is a stone staircase leading up here.
You climb upwards.
There is a stone staircase leading down here.
You start resting.
HP restored.
You climb downwards.
There is a stone staircase leading up here.
You climb upwards.
There is a stone staircase leading down here.
You climb downwards.
The gnoll misses you. The gnoll hits you with a +0 flail.
There is a stone staircase leading up here.
The gnoll hits you with a +0 flail.
You climb upwards.
There is a stone staircase leading down here.
You slash the gnoll!
The gnoll is severely wounded.
The gnoll hits you with a +0 flail!
You hit the gnoll but do no damage.
The gnoll is severely wounded.
The gnoll completely misses you.
You hit the gnoll.
You kill the gnoll!
No target in view!
You climb downwards.
The gnoll barely misses you.
The gnoll hits you from afar with a +0 spear.
The gnoll barely misses you. x2
There is a stone staircase leading up, spattered with blood here.
The gnoll hits you with a +0 flail. The gnoll hits you with a +0 flail!
* * * LOW HITPOINT WARNING * * *
The gnoll hits you from afar with a +0 spear.
You die...

#.######## #.# ######.# ..#
#....g.# #.# +###### #.###.g# #.#
......###.#⌠#..# #.#
......'...###.g# #.#
......###.....g# ###.# #.#
......####...#.#####.#.#.###.####
...............#@..#.#.#.#.......
..............ggg..>.#.#[#.#.####
#..##.####..####.###.#.#.#.#...#
...##........(.........#.#.###.#
...##..###..####.#.#.#...#.###.#
.........#.......#.#...........#
##.##..#.#...#####.....###.#####
#...#..#.#.....# #.#.#.# #.# .
.....#..##.###.#.### #.#


You could see 3 gnolls.

Vanquished Creatures
  Purgy (D:3)
  A gnoll (D:2)
  2 adders
  2 worms (D:2)
  3 dart slugs
  6 endoplasms
  2 giant cockroaches (D:1)
  5 goblins
  2 hobgoblins
  7 jackals (D:1)
  A quokka (D:2)
  7 ball pythons
  A bat (D:1)
  2 frilled lizards (D:1)
  3 kobolds
  3 rats
48 creatures vanquished.

Notes
Turn   | Place    | Note
-------+----------+-------------------------------------------
     0 | D:1      | siradein the Demonspawn Gladiator began the quest for the
                  | Orb.
     0 | D:1      | Reached XP level 1. HP: 16/16 MP: 1/1
   269 | D:1      | Found a faded altar of an unknown god.
   293 | D:1      | Reached skill level 3 in Long Blades
   305 | D:1      | Gained mutation: You have a pair of small horns on your
                  | head. [demonic ancestry]
   305 | D:1      | Reached XP level 2. HP: 18/22 MP: 2/2
   707 | D:1      | Gained mutation: You sometimes gain a little power by
                  | taking damage. [demonic ancestry]
   707 | D:1      | Reached XP level 3. HP: 21/27 MP: 3/3
   973 | D:2      | Reached skill level 4 in Long Blades
  2148 | D:3      | Noticed Purgy
  2159 | D:3      | Killed Purgy
  2160 | D:3      | Reached skill level 5 in Long Blades
  2160 | D:3      | Reached XP level 4. HP: 17/33 MP: 4/4
  2160 | D:3      | Reached XP level 5. HP: 20/38 MP: 5/5
  2767 | D:3      | Slain by a gnoll

Illustrated notes

Levels and vault maps discovered:
D:1:      lemuel_arrival_lava_pool, layout_basic,
          hellmonk_ecumenical_altar_zigzags, minmay_cut_off
D:2:      layout_basic, grunt_decor_arrowhead, minmay_misc_feat_hallway,
          kennysheep_crisscross
D:3:      layout_basic, feat_on_display, uniq_purgy

Skill      XL: |  1  2  3 |
---------------+----------+-----
Long Blades    | 3 5 |  5.5
Fighting       | |  2.0
Throwing       | |  1.7
Dodging        | |  2.6

Action                   |  1- 3 |  4- 6 || total
-------------------------+-------+-------++-------
Melee: Long sword        |    90 |    13 ||   103
       Headbutt          |    21 |     5 ||    26
 Stab: Sleeping          |     5 |       ||     5
Armor: Leather armour    |    23 |     2 ||    25
Dodge: Dodged            |    82 |    14 ||    96
       Rpst.: Long sword |    25 |       ||    25

Table legend: (Time is in decaauts)
 A = Elapsed time spent in this place.
 B = Non-inter-level travel time spent in this place.
 C = Inter-level travel time spent in this place.
 D = Time resting spent in this place.
 E = Time spent auto-exploring this place.
 F = Levels seen in this place.
 G = Mean time per level.
                   A        B        C        D        E       F      G
               +--------+--------+--------+--------+--------+-----+--------+
         Total |   2789 |   2769 |     20 |    207 |   2231 |   3 |  929.7 |
       Dungeon |   2789 |   2769 |     20 |    207 |   2231 |   3 |  929.7 |
               +--------+--------+--------+--------+--------+-----+--------+

Top non-repeatable levels by time:
     D:2: 1304 daAuts
     D:1: 973 daAuts
     D:3: 511 daAuts
